 Dungeon Crawl Stone Soup version 0.19-a0-784-gc635424 (webtiles) character file.

157 AlphabetPasta the Chopper (level 5, -1/33 HPs)
             Began as a Tengu Berserker on June 24, 2016.
             Was a Priest of Trog.
             Killed by nerve-wracking pain
             ... invoked by an orc priest
              (6 damage)
             ... on level 3 of the Dungeon on June 25, 2016.
             The game lasted 00:10:25 (2424 turns).

AlphabetPasta the Chopper (Tengu Berserker)         Turns: 2424, Time: 00:10:26

Health: -1/33      AC:  9    Str: 18    XL:     5   Next: 38%
Magic:  6/6        EV:  8    Int:  8    God:    Trog [***...]
Gold:   150        SH:  0    Dex: 13    Spells: 0 memorised, 4 levels left

rFire  . . .     SeeInvis .     a - +0 hand axe
rCold  . . .     Gourm    .     t - +0 chain mail
rNeg   . . .     Faith    .     (no shield)
rPois  .         Spirit   .     (helmet restricted)
rElec  .         Dismiss  .     (no cloak)
rCorr  .         Reflect  .     (no gloves)
SustAt .         Harm     .     (boots unavailable)
MR     .....                    (no amulet)
Stlth  ..........               (no ring)
                                (no ring)

@: not resistant to hostile enchantments, extremely unstealthy
A: beak, talons 3, able to fly 1
a: Fly, Berserk, Trog's Hand, Burn Spellbooks, Renounce Religion


You were on level 3 of the Dungeon.
You worshipped Trog.
Trog was most pleased with you.
You were not hungry.

You visited 1 branch of the dungeon, and saw 3 of its levels.

You collected 150 gold pieces.

Inventory:

Hand Weapons
 a - a +0 hand axe (weapon)
Armour
 b - a +0 animal skin
 q - a +0 plate armour
 t - a +0 chain mail (worn)
Jewellery
 j - an uncursed amulet of regeneration {unknown}
 l - an uncursed ring of resist corrosion {unknown}
 r - an uncursed ring of protection from magic {unknown}
Wands
 n - a wand of polymorph (8/24)
Scrolls
 e - 2 scrolls of enchant weapon {unknown}
 h - a scroll of recharging {unknown}
 k - a scroll of identify {unknown}
 o - 2 scrolls of teleportation {unknown}
 p - a scroll of enchant armour {unknown}
Potions
 f - 2 potions of haste {unknown}
 g - a potion of lignification {unknown}
 m - a potion of might {unknown}
Comestibles
 c - 3 bread rations
 d - 4 meat rations
 i - 3 beef jerkies
 s - 2 chunks of flesh


   Skills:
 + Level 3.8 Fighting
 * Level 4.6 Axes
 + Level 3.3 Armour
 + Level 3.2 Dodging


You had 4 spell levels left.
You didn't know any spells.

Dungeon Overview and Level Annotations

Branches:
Dungeon (3/15)

Altars:
Uskayaw


Innate Abilities, Weirdness & Mutations

You have a beak for a mouth.
You have claws for feet.
You can fly.


Message History

You start removing your armour.
You continue taking off your +0 animal skin. x4
You finish taking off your +0 animal skin.
You start putting on your armour.
You continue putting on your chain mail. x5
You finish putting on your +0 chain mail.
You start resting.
Some of the chunks of flesh in your inventory have rotted away.
An orc priest comes into view.
The orc priest shouts!
An orc wizard comes into view. It is wielding a dagger.
The orc wizard shouts!
The orc wizard gestures at you while chanting.
The puff of flame hits you!
* * * LOW HITPOINT WARNING * * *
An orc comes into view. It is wielding a mace.
The orc shouts!
The orc priest invokes the aid of Beogh against you.
Pain shoots through your body!
You die...

############............#
#.........#.......#...#..
#........................
#......##............#...
#......#...#.........#...
#.[....#....#........#...
#....)...........>.).#...
#..........####..........
#.......@...# #......####
#...........o##......####
#####.#.##o...o....(....#
#....####............
##.#..# #..)###.#####
#..#.(##.)## #.#
##.##......###.#
#........#..##.#####
#........##)()......


You could see an orc priest, an orc wizard and an orc.

Vanquished Creatures
  An orc priest (D:3)
  Jessica (D:2)
  An adder (D:2)
  An ooze (D:1)
  2 worms (D:2)
  3 dart slugs (D:1)
  3 giant geckos (D:2)
  3 orcs (D:3)
  A giant cockroach (D:3)
  9 goblins
  10 hobgoblins
  12 kobolds
  A quokka (D:2)
  A ball python (D:2)
  8 bats
  4 giant newts
  9 rats
70 creatures vanquished.

Notes
Turn   | Place    | Note
--------------------------------------------------------------
     0 | D:1      | AlphabetPasta the Tengu Berserker began the quest for the Orb.
     0 | D:1      | Reached XP level 1. HP: 14/14 MP: 2/2
    44 | D:1      | Reached XP level 2. HP: 11/19 MP: 3/3
   639 | D:1      | Reached XP level 3. HP: 23/23 MP: 4/4
   803 | D:1      | Reached ** piety under Trog
  1028 | D:1      | Upgraded the game from 0.19-a0-746-g995b792 to 0.19-a0-784-gc635424
  1170 | D:2      | Reached skill level 4 in Axes
  1341 | D:2      | Reached XP level 4. HP: 27/28 MP: 5/5
  1696 | D:2      | Noticed Jessica
  1711 | D:2      | Killed Jessica
  1806 | D:2      | Found a hide-covered altar of Uskayaw.
  2157 | D:3      | Reached *** piety under Trog
  2159 | D:3      | Gained mutation: You can fly. [Tengu growth]
  2159 | D:3      | Reached XP level 5. HP: 24/33 MP: 6/6
  2424 | D:3      | Killed from afar by an orc priest

Vault maps used:
D:1:      erik_arrival_cave_to_civilisation
D:2:      nicolae_overflow_hidden_temple, first_bread, uniq_jessica

Skill      XL: |  1  2  3  4 |
---------------+-------------+-----
Axes           | 4 |  4.6
Armour         | 3 |  3.3
Dodging        | 3 |  3.2
Fighting       | |  3.8

Action                   |  1- 3 |  4- 6 || total
-------------------------+-------+-------++-------
Melee: Hand axe          |    80 |    74 ||   154
       Peck              |    10 |     3 ||    13
       Kick              |    16 |    15 ||    31
Invok: Berserk           |     3 |     2 ||     5
 Stab: Sleeping          |     1 |     1 ||     2
  Eat: Chunk             |     4 |     6 ||    10
Armor: Animal skin       |    14 |     9 ||    23
Dodge: Dodged            |    50 |    34 ||    84
